 Dungeon Crawl Stone Soup version 0.21-a0-94-gdd6ab6a (webtiles) character file.

79 tilp the Firebug (level 4, -1/33 HPs)
             Began as a Hill Orc Fire Elementalist on July 2, 2017.
             Slain by a hobgoblin
             ... wielding a +0 club
              (2 damage)
             ... on level 2 of the Dungeon.
             The game lasted 00:06:41 (2937 turns).

tilp the Firebug (Hill Orc Fire Elementalist)       Turns: 2937, Time: 00:06:42

Health: -1/33      AC:  3    Str: 10    XL:     4   Next: 37%
Magic:  6/7        EV: 11    Int: 16    God:
Gold:   132        SH:  0    Dex: 11    Spells: 0/8 levels left

rFire    . . .     SeeInvis .   d - -1 dagger (curse)
rCold    . . .     Gourm    .   (no shield)
rNeg     . . .     Faith    .   l - +0 leather armour
rPois    .         Spirit   .   (no helmet)
rElec    .         Reflect  .   (no cloak)
rCorr    .         Harm     .   (no gloves)
MR       .....                  (no boots)
Stlth    +.........             (no amulet)
HPRegen  0.11/turn              (no ring)
MPRegen  0.10/turn              (no ring)

@: very slightly contaminated
A: no striking features
a: no special abilities


You were on level 2 of the Dungeon.
You were not hungry.

You visited 1 branch of the dungeon, and saw 3 of its levels.

You collected 132 gold pieces.

Inventory:

Hand Weapons
 d - a cursed -1 dagger (weapon)
 e - a +0 dagger
 k - a +0 mace
Missiles
 g - 129 stones (quivered)
Armour
 a - a +0 robe
 l - a +0 leather armour (worn)
Scrolls
 o - a scroll of identify
Potions
 c - a potion of heal wounds
 i - a potion of magic {unknown}
 j - a potion of curing {unknown}
 m - a potion of mutation {unknown}
Books
 b - a book of Flames

   Spells                             Type                      Level
   a - Flame Tongue                   Conjuration/Fire             1
   b - Throw Flame                    Conjuration/Fire             2
   c - Conjure Flame                  Conjuration/Fire             3
   d - Inner Flame                    Hexes/Fire                   3
   e - Sticky Flame                   Conjuration/Fire             4
   f - Fireball                       Conjuration/Fire             5
Comestibles
 f - a bread ration
 h - 6 fruits


   Skills:
 - Level 1.5 Dodging
 - Level 1.5 Stealth
 - Level 2.6 Spellcasting
 * Level 2.8 Conjurations
 - Level 3.2 Fire Magic


You couldn't memorise any spells.
You knew the following spells:

 Your Spells              Type           Power        Failure   Level  Hunger
a - Flame Tongue          Conj/Fire      ##...        8%          1    #......
b - Conjure Flame         Conj/Fire      ##......     22%         3    ###....
c - Sticky Flame          Conj/Fire      ##......     58%         4    #####..


Dungeon Overview and Level Annotations

Branches:
Dungeon (3/15)

Altars:
Ashenzari

Annotations:
D:3 tilp's ghost, amateur HOFE


Message History

The hobgoblin hits you with a club.
You barely miss the hobgoblin.
The hobgoblin is lightly wounded.
The hobgoblin hits you with a club.
* * * LOW HITPOINT WARNING * * *
You hit the hobgoblin.
The hobgoblin is moderately wounded.
The hobgoblin closely misses you.
You hit the hobgoblin but do no damage.
The hobgoblin is moderately wounded.
The hobgoblin hits you with a club.
* * * LOW HITPOINT WARNING * * *
You hit the hobgoblin.
The hobgoblin is severely wounded.
The hobgoblin hits you with a club.
* * * LOW HITPOINT WARNING * * *
You hit the hobgoblin but do no damage.
The hobgoblin is severely wounded.
The hobgoblin hits you with a club.
You die...

#.#.#..#######.....#......
#.#.#.....................
#.#.#..#######............
##.#.#..########....#......
#..#.#..............#......
#.##.#..#######.....####'##
#.##.#........#.##### #)#
#)##.##.###.....########.##
#.##...>..@g...............
##.#######.#.......####...#.
#..........#.......# #...'.
#################......)#
#...#.
..................#'##'##
#...##
##.################.##.#
###### #.# #.....##.# # #.#
#.######.# # #.# #.# #.# #


You could see a hobgoblin.

Vanquished Creatures
  3 adders (D:2)
  A worm (D:2)
  A leopard gecko (D:3)
  A ball python (D:2)
  3 giant cockroaches
  7 goblins
  5 hobgoblins
  6 jackals (D:2)
  5 bats
  A frilled lizard (D:2)
  6 kobolds
  5 rats
44 creatures vanquished.

Notes
Turn   | Place    | Note
-------+----------+-------------------------------------------
     0 | D:1      | tilp the Hill Orc Fire Elementalist began the quest for the Orb.
     0 | D:1      | Reached XP level 1. HP: 14/14 MP: 3/3
   371 | D:1      | Reached XP level 2. HP: 16/20 MP: 3/5
  1356 | D:2      | Reached XP level 3. HP: 9/26 MP: 4/6
  1365 | D:2      | Learned a level 3 spell: Conjure Flame
  2040 | D:2      | Reached XP level 4. HP: 32/33 MP: 7/7
  2046 | D:2      | Learned a level 4 spell: Sticky Flame
  2347 | D:2      | Found a shattered altar of Ashenzari.
  2760 | D:3      | Noticed tilp's ghost (amateur HOFE)
  2936 | D:2      | HP: 1/33 [hobgoblin/club (5)]
  2937 | D:2      | Slain by a hobgoblin

Vault maps used:
D:1:      dpeg_arrival_leaves_temple_mockup
D:2:      lemuel_round_altar, first_bread
D:3:      fedhas_altar_3, uniq_sigmund

Skill      XL: |  1  2  3 |
---------------+----------+-----
Spellcasting   | 2 |  2.6
Conjurations   | 2 |  2.8
Dodging        | |  1.5
Stealth        | |  1.5
Fire Magic     | |  3.2

Action                   |  1- 3 |  4- 6 || total
-------------------------+-------+-------++-------
Melee: Dagger            |    73 |    41 ||   114
 Cast: Flame Tongue      |    48 |    25 ||    73
       Conjure Flame     |       |     1 ||     1
  Use: Scroll            |     4 |     2 ||     6
 Stab: Sleeping          |     1 |       ||     1
  Eat: Bread ration      |     1 |       ||     1
       Meat ration       |       |     1 ||     1
       Chunk             |       |     1 ||     1
Armor: Robe              |    12 |     6 ||    18
       Leather armour    |       |     4 ||     4
Dodge: Dodged            |    73 |    55 ||   128
